Map: Cerulean Fall LE

Players

WillByers - Winner!

  • Race: Zerg Zerg
  • League: Master
  • Spawn Location: 7:00

FLORENCIO

  • Race: Protoss Protoss
  • League: Diamond
  • Spawn Location: 1:00

VOD

Have the link to the VOD?

Description

Time

  • Played on: Nov. 18, 2018, 7:27 p.m.
  • Length: 17:18
Show
View Real Time Build Order
Export as new Build Order

WillByers Zerg - Winner!

Build Orders: Pool First, Swarm Host 

Get SALT Encoding   

  12  0:01  Drone  
  13  0:10  Drone  
  14  0:22  Extractor x2  
  14  0:23  Drone  
  14  0:24  Drone  
  16  0:30  Overlord  
  16  0:46  Spawning Pool  
  16  0:49  Drone  
  16  0:52  Drone  
  16  0:55  Drone  
  18  1:17  Drone x2  
  20  1:35  Hatchery  
  20  1:36  Zergling x2  
  20  1:38  Drone  
  21  1:42  Queen  
  21  1:43  Extractor  
  23  2:01  Hatchery  
  22  2:24  Extractor, Drone  
  22  2:27  Overlord  
  22  2:34  Extractor, Drone  
  21  2:45  Queen, Drone  
  21  2:47  Drone x2  
  21  2:51  Queen, Drone  
  27  2:52  Drone x2  
  27  2:57  Drone  
  32  2:59  Drone  
  33  3:08  Drone  
  33  3:09  Drone  
  36  3:27  Hatchery  
  35  3:35  Spore Crawler  
  34  3:42  Drone  
  34  3:46  Overlord  
  35  3:48  Lair  
  35  3:59  Overlord  
  35  4:04  Queen  
  35  4:05  Drone x4  
  35  4:06  Drone  
  41  4:13  Spore Crawler, Drone  
  41  4:15  Drone  
  42  4:24  Zergling x4  
  44  4:26  Drone  
  44  4:27  Drone  
  44  4:30  Drone  
  47  4:32  Drone  
  47  4:36  Extractor  
  47  4:37  Drone  
  47  4:38  Drone  
  49  4:39  Queen  
  49  4:41  Zergling x2  
  49  4:42  Zergling x2  
  53  4:50  Spine Crawler  
  52  4:55  Infestation Pit  
  51  5:02  Nydus Network  
  51  5:05  Overlord  
  50  5:10  Overlord  
  50  5:14  Overlord  
  50  5:18  Overlord  
  50  5:23  Queen  
  50  5:24  Drone x2  
  50  5:25  Drone  
  55  5:28  Overlord  
  55  5:32  Overlord  
  55  5:44  Swarm Host  
  55  5:45  Swarm Host x2  
  55  5:49  Swarm Host  
  67  5:52  Swarm Host  
  67  5:55  Swarm Host  
  73  5:59  Swarm Host  
  73  6:03  Swarm Host  
  79  6:09  Swarm Host  
  82  6:14  Drone x4  
  86  6:20  Extractor  
  86  6:22  Nydus Canal  
  85  6:27  Drone x4  
  85  6:31  Drone x2  
  92  6:32  Drone  
  92  6:35  Swarm Host  
  95  7:01  Drone x2  
  97  7:02  Spore Crawler  
  97  7:04  Overlord x2  
  97  7:05  Spore Crawler  
  97  7:06  Overlord  
  95  7:12  Overlord, Hatchery  
  95  7:13  Swarm Host  
  97  7:20  Overlord  
  97  7:22  Overlord  
  97  7:23  Zergling x6  
  97  7:24  Drone  
  97  7:28  Overlord  
  101  7:35  Drone x3  
  104  7:37  Swarm Host  
  104  7:40  Zergling x4  
  109  7:53  Drone x5  
  109  7:54  Drone  
  109  7:56  Swarm Host  
  109  7:57  Swarm Host  
  121  8:03  Metabolic Boost  
  121  8:10  Spore Crawler, Swarm Host x2  
  126  8:18  Nydus Canal  
  126  8:20  Swarm Host  
  126  8:23  Zergling x4  
  131  8:29  Hive  
  131  8:33  Nydus Canal  
  118  8:56  Nydus Canal  
  118  8:59  Swarm Host x6  
  118  9:01  Queen  
  138  9:06  Swarm Host  
  138  9:09  Swarm Host  
  141  9:16  Swarm Host  
  147  9:26  Nydus Canal  
  147  9:39  Queen  
  147  9:40  Queen  
  147  9:43  Swarm Host  
  154  9:52  Overlord  
  154  10:09  Queen  
  154  10:14  Swarm Host x2  
  160  10:30  Nydus Canal  
  160  10:37  Overseer  
  160  10:46  Queen, Spore Crawler  
  160  10:49  Spore Crawler  
  160  10:50  Nydus Canal  
  160  10:57  Overlord  
  160  11:02  Queen, Spore Crawler  
  161  11:11  Spore Crawler  
  161  11:15  Queen  
  159  11:22  Queen  
  143  11:38  Queen  
  133  11:50  Queen  
  132  11:56  Nydus Canal  
  132  11:57  Zergling x10, Queen  
  132  11:58  Zergling x12  
  132  11:59  Zergling x2  
  146  12:06  Overlord  
  146  12:07  Overlord  
  146  12:09  Zergling x2  
  146  12:10  Zergling x2  
  146  12:14  Queen  
  144  12:16  Swarm Host  
  144  12:17  Swarm Host  
  144  12:21  Swarm Host  
  133  12:24  Viper  
  133  12:26  Queen  
  135  12:32  Overlord  
  135  12:33  Queen  
  137  12:41  Viper x2  
  143  12:47  Nydus Canal  
  143  12:49  Queen  
  145  12:51  Viper  
  145  12:56  Viper  
  151  13:02  Queen  
  153  13:09  Queen  
  137  13:19  Hatchery  
  133  13:22  Nydus Canal  
  133  13:23  Swarm Host  
  133  13:25  Queen  
  138  13:27  Zergling x2  
  138  13:28  Zergling x2  
  138  13:29  Zergling x2  
  141  13:37  Queen  
  140  13:44  Queen, Spore Crawler  
  140  13:45  Spore Crawler x2  
  139  14:01  Queen  
  141  14:13  Queen  
  143  14:20  Queen, Unknown x2  
  143  14:21  Unknown  
  145  14:28  Unknown x2  
  145  14:29  Unknown  
  139  14:35  Nydus Canal  
  139  14:36  Zergling x2, Queen  
  139  14:37  Zergling x14  
  139  14:38  Zergling x6  
  147  14:41  Zergling x4  
  147  14:44  Zergling x2  
  147  14:45  Zergling x2  
  150  14:47  Zergling x2  
  150  14:56  Zergling x4  
  151  15:00  Zergling x8  
  151  15:03  Zergling x4  
  151  15:05  Zergling x2  
  151  15:06  Zergling x2  
  159  15:08  Zergling x2  
  159  15:11  Zergling x4  
  159  15:13  Zergling x2  
  163  15:15  Zergling x2  
  163  15:18  Zergling x2  
  164  15:24  Zergling x2  
  164  15:27  Zergling x4  
  164  15:28  Zergling x2  
  164  15:29  Zergling x2  
  164  15:30  Zergling x2  
  164  15:32  Zergling x2  
  167  15:38  Zergling x2  
  167  15:39  Zergling x2  
  167  15:41  Drone x2  
  171  15:47  Zergling x4  
  173  15:56  Zergling x6  
  172  16:33  Hatchery  
  172  16:37  Hatchery  
  171  16:45  Unknown  
  171  16:46  Unknown  
  171  16:50  Unknown  
Show
View Real Time Build Order
Export as new Build Order

FLORENCIO Protoss 

Build Orders:  

Get SALT Encoding   

  12  0:00  Probe  
  13  0:13  Probe  
  14  0:22  Pylon  
  14  0:25  Probe  
  15  0:40  Probe  
  16  0:45  Forge  
  16  0:52  Probe (Chrono Boost)  
  17  1:02  Gateway  
  17  1:03  Probe (Chrono Boost)  
  18  1:08  Probe (Chrono Boost)  
  19  1:13  Pylon  
  19  1:25  Probe  
  20  1:35  Photon Cannon, Pylon  
  20  1:41  Probe  
  21  1:50  Zealot  
  23  1:57  Assimilator  
  23  2:00  Assimilator  
  23  2:17  Zealot (Chrono Boost)  
  23  2:19  Probe (Chrono Boost), Pylon  
  26  2:28  Probe (Chrono Boost)  
  27  2:33  Cybernetics Core  
  27  2:55  Photon Cannon  
  27  2:57  Probe  
  28  3:04  Nexus  
  28  3:09  Probe  
  29  3:14  Stargate  
  29  3:21  Probe  
  30  3:28  Pylon  
  30  3:33  Probe  
  31  3:46  Probe  
  32  3:58  Assimilator, Probe  
  32  4:00  Assimilator  
  33  4:09  Void Ray (Chrono Boost)  
  33  4:10  Probe  
  33  4:16  Stalker  
  40  4:18  Probe  
  41  4:30  Probe  
  42  4:33  Probe  
  42  4:34  Photon Cannon  
  43  4:42  Probe  
  48  4:54  Probe  
  48  4:57  Stargate  
  48  4:58  Stargate  
  45  5:05  Oracle  
  48  5:18  Probe  
  49  5:30  Probe  
  50  5:46  Oracle (Chrono Boost)  
  53  5:54  Pylon  
  53  5:55  Pylon  
  53  5:56  Pylon  
  53  6:09  Nexus  
  53  6:10  Oracle x2 (Chrono Boost)  
  53  6:11  Pylon  
  59  6:21  Oracle (Chrono Boost)  
  62  6:35  Pylon  
  62  6:39  Oracle x2  
  68  6:54  Oracle  
  69  7:10  Photon Cannon  
  69  7:12  Photon Cannon  
  69  7:17  Oracle  
  72  7:24  Probe  
  72  7:26  Probe  
  74  7:33  Probe  
  74  7:37  Probe  
  76  7:38  Probe  
  77  7:45  Probe  
  77  7:48  Oracle x2  
  84  7:52  Photon Cannon  
  84  7:55  Photon Cannon  
  84  7:57  Probe  
  85  7:59  Assimilator  
  85  8:04  Assimilator, Oracle  
  88  8:09  Probe  
  89  8:21  Probe, Pylon  
  89  8:23  Probe x2  
  89  8:24  Pylon  
  89  8:25  Oracle  
  95  8:35  Probe  
  95  8:36  Probe  
  91  8:48  Oracle  
  97  9:11  Probe  
  97  9:23  Probe  
  94  9:30  Oracle  
  93  9:32  Probe  
  93  9:35  Probe  
  89  9:50  Stargate  
  89  10:07  Oracle  
  88  10:59  Pylon  
  88  11:01  Pylon  
  87  11:19  Probe  
  88  11:36  Gateway  
  88  11:39  Gateway  
  88  11:42  Gateway  
  87  11:56  Forge  
  87  11:59  Pylon x2  
  87  12:01  Pylon  
  85  12:02  Pylon  
  85  12:06  Pylon  
  80  12:09  Pylon  
  75  12:17  Probe, Oracle  
  75  12:26  Probe  
  75  12:29  Probe  
  77  12:31  Zealot  
  77  12:32  Zealot x2  
  77  12:34  Cybernetics Core  
  83  12:38  Probe  
  83  12:41  Probe, Photon Cannon  
  85  12:44  Photon Cannon  
  85  12:47  Photon Cannon  
  85  12:53  Probe  
  85  12:54  Oracle  
  85  12:55  Photon Cannon  
  85  12:56  Nexus  
  85  12:57  Pylon  
  91  12:58  Zealot  
  91  12:59  Photon Cannon  
  91  13:00  Pylon  
  91  13:05  Probe  
  92  13:17  Probe  
  93  13:29  Probe, Pylon  
  94  13:41  Probe  
  94  13:43  Zealot x2  
  94  13:44  Oracle  
  102  13:49  Stargate  
  102  13:51  Stargate  
  102  13:53  Stargate, Probe  
  103  13:59  Photon Cannon  
  97  14:05  Probe  
  97  14:18  Probe  
  97  14:21  Oracle (Chrono Boost)  
  101  14:30  Probe  
  71  14:37  Oracle (Chrono Boost)  
  63  14:42  Probe  
  63  14:44  Oracle x2 (Chrono Boost)  
  62  14:54  Probe  
  62  14:55  Oracle (Chrono Boost)  
  60  15:06  Probe  
  61  15:08  Oracle (Chrono Boost)  
  69  15:25  Pylon  
  69  15:26  Pylon  
  65  15:41  Phoenix x4 (Chrono Boost)  
  56  16:18  Oracle x4  
Tags
 
Composition
Swarm Host
Matchup
PvZ
Opening
Pool First
Spawn Locations
Cross Positions
Add a new tag
Caveats
  • Supply blocks, unpowered buildings, or Contaminate may cause inaccurate times.
  • Supply counts are checked every 10 seconds.